Map: Nightshade LE

Players

Biblo - Winner!

  • Race: Zerg Zerg
  • League: Platinum
  • Spawn Location: 5:00

prospeKt

  • Race: Zerg Zerg
  • League: Platinum
  • Spawn Location: 11:00

VOD

Have the link to the VOD?

Description

Time

  • Played on: May 26, 2020, 9:15 a.m.
  • Length: 11:55
Show
View Real Time Build Order
Export as new Build Order

Biblo Zerg - Winner!

Build Orders: Pool First 

Get SALT Encoding   

  12  0:01  Drone  
  13  0:13  Overlord  
  13  0:16  Drone  
  14  0:31  Drone x2  
  14  0:35  Drone  
  17  0:48  Drone, Spawning Pool  
  17  0:56  Drone, Extractor  
  17  1:08  Drone  
  18  1:23  Hatchery  
  18  1:24  Drone  
  18  1:32  Drone  
  19  1:39  Queen  
  21  1:50  Roach Warren  
  21  1:51  Zergling x2  
  21  1:53  Zergling x2  
  22  2:01  Overlord  
  22  2:07  Metabolic Boost  
  22  2:27  Drone  
  22  2:28  Zergling x2  
  24  2:35  Lair  
  24  2:39  Drone x2  
  26  2:45  Queen  
  28  2:53  Drone x2  
  28  2:57  Overlord  
  30  3:01  Extractor  
  30  3:03  Roach  
  31  3:10  Drone  
  31  3:11  Roach  
  34  3:21  Drone x2  
  36  3:34  Glial Reconstitution  
  36  3:36  Drone  
  36  3:37  Drone, Roach  
  36  3:39  Roach  
  42  3:42  Overlord  
  42  3:55  Drone x2  
  44  4:01  Evolution Chamber  
  43  4:06  Drone x3  
  46  4:12  Extractor  
  46  4:14  Overlord  
  46  4:15  Roach  
  47  4:26  Roach x2  
  47  4:27  Overlord  
  47  4:31  Zerg Missile Weapons Level 1  
  51  4:32  Drone  
  51  4:37  Pneumatized Carapace  
  52  4:41  Drone  
  52  4:42  Drone  
  52  4:43  Roach  
  56  4:47  Roach  
  58  4:54  Drone  
  58  4:55  Roach  
  58  4:56  Roach  
  63  5:01  Overlord  
  63  5:10  Roach x2  
  63  5:13  Drone  
  68  5:24  Roach  
  68  5:25  Roach x3  
  75  5:32  Roach  
  75  5:33  Overlord, Zergling x2  
  74  5:40  Roach  
  74  5:41  Roach x2  
  74  5:47  Roach  
  74  5:48  Overlord  
  74  5:59  Roach x2  
  76  6:14  Roach x2  
  76  6:15  Hatchery  
  73  6:23  Roach x2  
  77  6:27  Roach  
  77  6:30  Roach  
  72  6:41  Roach x4  
  78  6:49  Roach x2  
  78  6:58  Zerg Missile Weapons Level 2, Extractor  
  77  7:02  Roach x2  
  77  7:15  Evolution Chamber  
  76  7:16  Spore Crawler  
  76  7:17  Spore Crawler  
  76  7:18  Drone x2  
  76  7:23  Roach  
  76  7:24  Roach  
  80  7:37  Hatchery  
  80  7:39  Roach x2  
  83  7:53  Roach x4  
  91  8:16  Roach x3  
  91  8:17  Overlord x3  
  97  8:29  Overlord x2  
  89  8:49  Roach x6  
  89  8:54  Roach  
  83  9:01  Roach  
  81  9:06  Roach x2  
  83  9:10  Drone  
  83  9:12  Drone  
  83  9:16  Drone  
  86  9:17  Drone  
  86  9:20  Drone  
  86  9:22  Drone  
  89  9:25  Drone  
  89  9:28  Drone  
  91  9:33  Drone x2  
  93  9:40  Zerg Ground Armor Level 1  
  93  9:43  Drone  
  93  9:44  Drone  
  95  9:46  Drone  
  95  9:49  Drone  
  95  9:50  Drone  
  95  9:52  Drone  
  99  9:54  Drone  
  99  9:58  Drone x2  
  102  10:02  Drone x2  
  102  10:03  Drone  
  102  10:05  Drone  
  102  10:07  Drone  
  107  10:08  Drone  
  108  10:16  Drone x3  
  108  10:21  Roach x2  
  115  10:32  Roach  
  115  10:33  Roach x5  
  121  10:48  Roach x5  
  121  10:49  Roach x3  
  137  10:56  Overlord  
  137  10:57  Overlord, Drone x3  
  140  11:06  Overlord x2  
  140  11:07  Overlord  
  140  11:14  Hydralisk Den, Drone x4  
  143  11:23  Roach x5  
Show
View Real Time Build Order
Export as new Build Order

prospeKt Zerg 

Build Orders: Hatch First 

Get SALT Encoding   

  12  0:01  Drone  
  13  0:13  Overlord  
  13  0:18  Drone  
  14  0:34  Drone  
  14  0:35  Drone  
  16  0:45  Drone  
  17  0:56  Drone  
  18  0:57  Hatchery  
  18  1:02  Drone  
  18  1:14  Spawning Pool  
  18  1:16  Drone  
  18  1:25  Drone  
  19  1:28  Extractor  
  18  1:33  Drone  
  19  1:40  Drone  
  20  1:50  Drone  
  21  2:01  Drone  
  22  2:09  Queen  
  22  2:10  Queen  
  22  2:11  Drone  
  22  2:12  Overlord  
  27  2:23  Drone  
  27  2:26  Overlord  
  28  2:34  Drone  
  28  2:35  Drone  
  30  2:43  Drone  
  31  2:45  Queen  
  33  2:53  Drone x2  
  35  3:03  Roach Warren, Drone x2  
  36  3:10  Overlord  
  36  3:17  Drone x2  
  38  3:23  Evolution Chamber  
  37  3:33  Drone x3  
  40  3:39  Hatchery  
  39  3:43  Roach x3  
  39  3:44  Roach x2  
  49  3:48  Extractor  
  49  3:54  Overlord  
  49  3:55  Overlord, Extractor  
  47  4:00  Extractor  
  46  4:12  Drone x2  
  46  4:13  Drone x4  
  52  4:19  Overlord  
  52  4:31  Roach x3  
  58  4:32  Drone  
  58  4:33  Overlord  
  58  4:34  Drone  
  60  4:42  Drone x2  
  62  4:52  Drone x4  
  66  5:03  Drone x5  
  71  5:17  Drone x4  
  75  5:25  Overlord  
  75  5:27  Lair  
  75  5:34  Roach  
  75  5:35  Roach x4  
  78  5:36  Drone x4  
  81  5:43  Drone  
  82  5:58  Roach x3  
  78  6:06  Roach x5  
  70  6:29  Roach x12  
  79  6:52  Hydralisk Den, Roach x3  
  79  6:53  Roach  
  79  6:54  Hatchery  
  73  6:58  Drone  
  73  6:59  Drone x6  
  80  7:19  Drone x9  
  89  7:28  Drone  
  90  7:32  Zerg Missile Weapons Level 1  
  90  7:33  Glial Reconstitution  
  90  7:39  Evolution Chamber  
  89  7:53  Overlord x4  
  89  8:02  Hydralisk  
  87  8:12  Hydralisk x10  
  80  8:13  Hydralisk  
  98  8:28  Hydralisk x5  
  92  8:54  Roach x7  
  82  9:04  Zerg Ground Armor Level 1  
  82  9:14  Hydralisk x6  
  94  9:36  Zerg Missile Weapons Level 2  
  94  9:37  Hatchery  
  93  9:49  Queen  
  93  9:52  Drone x6  
  101  10:04  Overlord  
  101  10:06  Drone  
  102  10:16  Hydralisk x2  
  106  10:24  Hydralisk x2  
  106  10:26  Hydralisk  
  106  10:28  Hatchery, Hydralisk  
  113  10:44  Drone, Hydralisk x2  
  118  10:52  Overlord  
  118  10:53  Hydralisk x2  
  118  10:54  Hydralisk  
  124  11:04  Drone x4  
  126  11:25  Hydralisk x6  
  92  11:38  Roach Warren  
Tags
 
Add a new tag
Caveats
  • Supply blocks, unpowered buildings, or Contaminate may cause inaccurate times.
  • Supply counts are checked every 10 seconds.